Map: Emerald City CE

Players

WarpigxxxL

  • Race: Terran Terran
  • League: Silver
  • Spawn Location: 5:00

xBenx

  • Race: Zerg Zerg
  • League: Gold
  • Spawn Location: 5:00

joselo

  • Race: Terran Terran
  • League: Silver
  • Spawn Location: 11:00

Tassadar

  • Race: Protoss Protoss
  • League: Platinum
  • Spawn Location: 11:00

VOD

Have the link to the VOD?

Description

xBenx, WarpigxxxL vs Tassadar, joselo

Time

  • Played on: March 30, 2024, 7:41 p.m.
  • Length: 6:37
Show
View Real Time Build Order
Export as new Build Order

WarpigxxxL Terran 

Build Orders:  

Get SALT Encoding   

  12  0:05  SCV  
  13  0:30  SCV  
  14  0:39  Supply Depot  
  14  0:41  Refinery  
  14  0:42  SCV  
  15  1:01  SCV  
  16  1:05  Barracks  
  16  1:08  Supply Depot  
  16  1:13  SCV  
  17  1:23  Refinery  
  16  1:57  Orbital Command  
  16  2:04  Reaper  
  17  2:17  Supply Depot  
  17  2:29  Barracks  
  17  2:39  Reaper, SCV  
  18  3:10  Supply Depot  
  18  3:11  Reaper  
  19  3:21  Factory, Reaper  
  20  3:28  Bunker  
  20  3:43  Reaper  
  20  3:53  Reaper  
  21  3:59  SCV  
  22  4:08  Factory Tech Lab  
  22  4:12  SCV  
  22  4:15  Reaper  
  24  4:19  Starport  
  24  4:24  SCV  
  25  4:25  Reaper  
  26  4:36  SCV  
  26  4:47  Reaper  
  26  4:48  SCV  
  28  4:57  Marine  
  27  5:15  Marine  
  27  5:19  Marine  
  27  5:32  Marine  
  28  5:35  Siege Tank  
  28  5:37  Marine  
  28  5:39  SCV  
  30  5:50  Marine  
  31  6:00  SCV  
  31  6:01  Bunker  
Show
View Real Time Build Order
Export as new Build Order

xBenx Zerg 

Build Orders: Hatch First 

Get SALT Encoding   

  12  0:02  Drone  
  13  0:13  Overlord  
  14  0:21  Drone  
  14  0:44  Hatchery  
  14  0:48  Drone  
  14  0:56  Drone  
  15  0:57  Drone  
  16  1:20  Drone  
  16  1:21  Drone  
  16  1:22  Drone  
  20  1:29  Spawning Pool  
  20  1:31  Extractor  
  18  1:41  Extractor  
  17  1:58  Drone x2  
  17  1:59  Drone  
  20  2:10  Hatchery  
  20  2:14  Overlord  
  19  2:26  Zergling x2, Roach Warren  
  19  2:33  Queen  
  21  2:38  Hatchery  
  19  2:52  Zergling x4  
  19  2:54  Drone  
  22  3:07  Roach  
  22  3:25  Drone, Queen  
  25  3:27  Roach x2  
  25  3:28  Ravager  
  25  3:33  Queen  
  32  3:54  Queen  
  34  3:58  Drone x4  
  34  3:59  Drone  
  34  4:02  Extractor  
  38  4:09  Spore Crawler  
  37  4:17  Lair  
  37  4:21  Drone  
  38  4:25  Spore Crawler  
  38  4:26  Ravager  
  38  4:40  Drone x3  
  38  4:45  Spore Crawler  
  40  4:46  Drone  
  40  4:47  Drone  
  42  4:53  Overlord  
  42  5:10  Spine Crawler x2  
  42  5:13  Ravager  
  41  5:20  Roach x4  
  49  5:41  Zergling x2  
  50  5:47  Overlord x2  
  50  5:52  Overlord  
  50  6:09  Infestation Pit  
  50  6:10  Drone x3  
  51  6:12  Overlord  
Show
View Real Time Build Order
Export as new Build Order

joselo Terran 

Build Orders:  

Get SALT Encoding   

  12  0:04  SCV  
  13  0:18  SCV  
  13  0:19  Supply Depot  
  14  0:30  SCV  
  15  0:42  SCV  
  16  0:43  Barracks  
  16  0:54  SCV  
  17  1:01  Barracks  
  17  1:07  SCV  
  18  1:18  Barracks  
  18  1:19  SCV  
  19  1:32  Marine  
  19  1:35  Supply Depot  
  20  1:48  SCV  
  20  1:53  Refinery  
  21  2:01  Marine, Engineering Bay  
  21  2:04  Supply Depot  
  21  2:06  Marine  
  23  2:09  Marine  
  23  2:12  SCV  
  25  2:23  Marine  
  26  2:36  SCV  
  27  2:38  Refinery  
  27  2:43  Marine x2  
  29  2:44  Marine  
  29  2:48  SCV  
  31  3:01  Marine x2  
  33  3:10  Command Center  
  33  3:12  Marine  
  34  3:30  Marine x2  
  34  3:31  Marine  
  34  3:33  Planetary Fortress  
  37  3:52  Marine x2  
  39  4:04  Supply Depot  
  39  4:08  Missile Turret  
  39  4:16  Factory  
  39  4:21  Marine x3  
  42  4:29  Refinery  
  38  4:45  Marine  
  41  4:55  Barracks Tech Lab  
  41  4:58  Barracks Reactor  
  38  5:03  Marine  
  38  5:24  Planetary Fortress  
  38  5:31  SCV  
  39  5:43  SCV  
  39  5:45  Factory Tech Lab  
  40  5:52  Marine  
  40  5:53  Marine x2  
  43  6:02  Supply Depot  
  43  6:03  Barracks Reactor  
  43  6:04  SCV  
  43  6:10  Marine  
  45  6:16  SCV  
  50  6:34  Missile Turret  
Show
View Real Time Build Order
Export as new Build Order

Tassadar Protoss 

Build Orders: Cannon Rush 

Get SALT Encoding   

  12  0:04  Probe  
  13  0:16  Probe  
  13  0:18  Pylon  
  14  0:28  Probe (Chrono Boost)  
  15  0:36  Forge  
  15  0:41  Probe (Chrono Boost)  
  16  0:47  Probe  
  17  0:59  Probe (Chrono Boost)  
  17  1:02  Pylon  
  18  1:21  Photon Cannon  
  18  1:22  Photon Cannon  
  18  1:28  Photon Cannon  
  18  1:38  Pylon  
  18  1:58  Photon Cannon  
  18  2:03  Photon Cannon  
  18  2:05  Probe  
  18  2:07  Assimilator  
  19  2:08  Assimilator  
  19  2:17  Probe  
  19  2:22  Gateway  
  20  2:29  Probe  
  21  2:41  Probe  
  22  2:53  Probe  
  23  3:01  Gateway  
  23  3:05  Gateway  
  23  3:09  Cybernetics Core  
  23  3:12  Probe  
  23  3:25  Gateway  
  23  3:44  Warp Gate (Chrono Boost)  
  23  3:48  Twilight Council  
  23  3:52  Probe  
  23  3:58  Zealot x2  
  23  4:01  Zealot  
  29  4:13  Zealot  
  31  4:23  Charge (Chrono Boost)  
  31  4:24  Dark Shrine  
  31  4:32  Zealot  
  33  5:26  Zealot x3  
  39  5:37  Pylon  
  39  5:41  Pylon  
  39  5:56  Dark Templar x3  
  39  5:57  Dark Templar  
  47  6:23  Pylon  
  47  6:25  Pylon  
  45  6:29  Dark Templar, Zealot  
  45  6:30  Dark Templar  
Tags
 
Add a new tag
Caveats
  • Supply blocks, unpowered buildings, or Contaminate may cause inaccurate times.
  • Supply counts are checked every 10 seconds.